 Dungeon Crawl Stone Soup version 0.31-a0-232-gb1c03b2 (webtiles) character file.

Game seed: 15853448429349549976

1020 Dawnplanks the Zephyrmancer (level 8, -3/41 HPs)
             Began as a Tengu Air Elementalist on July 7, 2023.
             Slain by a hornet (14 damage)
             ... while paralysed by a hornet
             ... on level 5 of the Dungeon.
             The game lasted 00:14:05 (4937 turns).

Dawnplanks the Zephyrmancer (TeAE)                  Turns: 4937, Time: 00:14:05

Health: -3/41      AC:  5    Str: 12    XL:     8   Next: 22%
Magic:  5/17       EV:  2    Int: 18    God:
Gold:   234        SH:  0    Dex: 14    Spells: 7/17 levels left

rFire   . . .        o - +3 hand axe of the Dwarven Hall {pain, rElec Str+3}
rCold   . . .        (no shield)
rNeg    . . .        b - +2 robe {Will+}
rPois   .            (helmet restricted)
rElec   +            f - +0 cloak
rCorr   .            (no gloves)
SInv    .            (boots unavailable)
Will    +....        (no amulet)
Stlth   ++           (no ring)
HPRegen 0.26/turn    (no ring)
MPRegen 0.15/turn

%: no passive effects
@: paralysed, mighty, lethally poisoned (-3 -> -27), flying quickly and
evasively, slowed, quick
A: beak, talons 3, nimble flight
a: no special abilities


You were on level 5 of the Dungeon.
You visited 1 branch of the dungeon, and saw 5 of its levels.

You collected 267 gold pieces.
You spent 33 gold pieces at shops.

Inventory:

Hand Weapons
 o - the +3 hand axe of the Dwarven Hall (weapon) {pain, rElec Str+3}
   (You found it on level 2 of the Dungeon)

   Str:       It affects your strength (+3).
   rElec:     It insulates you from electricity.
Armour
 b - a +2 robe of willpower (worn)
 f - a +0 cloak (worn)
Scrolls
 e - a scroll of amnesia {unknown}
 h - a scroll of revelation {unknown}
 j - 2 scrolls of teleportation
 m - a scroll of noise {unknown}
 p - 3 scrolls of immolation {unknown}
 q - 2 scrolls of enchant armour {unknown}
Potions
 d - a potion of brilliance
 g - a potion of heal wounds
 k - a potion of lignification {unknown}
 n - a potion of attraction {unknown}


   Skills:
 + Level 0.3 Fighting
 + Level 2.5 Dodging
 - Level 2.0 Stealth
 + Level 5.4 Spellcasting
 + Level 5.8 Conjurations
 + Level 8.4 Air Magic


You had 7 spell levels left.
You knew the following spells:

 Your Spells              Type           Power      Damage    Failure   Level
a - Shock                 Conj/Air       100%       1d9       1%          1
b - Static Discharge      Conj/Air       60%        2-5/arc   1%          2
c - Swiftness             Air            35%        N/A       1%          3
d - Airstrike             Air            17%        2d(3-19)  3%          4

Your spell library contained the following spells:

 Spells                   Type           Power      Damage    Failure   Level
 Vhi's Electric Charge    Tloc/Air       40%        N/A       7%          3
 Sublimation of Blood     Necr           4%         N/A       19%         2
 Wereblood                Tmut           4%         N/A       19%         2
 Arcjolt                  Conj/Air       15%        1d25      19%         5
 Plasma Beam              Fire/Air       10%        2x1d21    98%         6
 Summon Hydra             Summ           2%         N/A       100%        7


Dungeon Overview and Level Annotations

Branches:
Dungeon (5/15)
 Temple: D:4-7

Altars:
Ashenzari
Elyvilon
Trog
Yredelemnul

Shops:
D:1 !*(   D:5 :


Innate Abilities, Weirdness & Mutations

You have a beak for a mouth.
You have claws for feet.
Your magical nature lets you fly swiftly and evasively.


Message History

Confirm with . or Enter, or press ? or * to list all spells.
Aiming: Shock (safe; 1% risk of failure)
Press: ? - help, Shift-Dir - straight line The zap hits the hornet.
The hornet is moderately wounded.
The zap hits the hound.
The hound is severely wounded.
The zap hits the hound!
You kill the hound!
The zap hits the hornet!
The hornet is severely wounded.
The iguana hisses angrily.
The hornet closely misses you.
A hound comes into view.
Casting: Shock (safe; 1% risk of failure)
Confirm with . or Enter, or press ? or * to list all spells.
Aiming: Shock (safe; 1% risk of failure)
Press: ? - help, Shift-Dir - straight line The zap misses the hornet.
The zap hits the hornet!
The hornet is almost dead.
The hound barks!
The hornet stings you!
You are poisoned.
You feel yourself slow down.
The hornet stings you but does no damage.
You feel much better.
You feel very sick. The hornet stings you!
You feel as though you will be slow longer.
A scorpion comes into view.
The hornet stings you!
You are more poisoned.
You suddenly lose the ability to move!
You feel very sick. The hornet stings you.
* * * LOW HITPOINT WARNING * * *
You are lethally poisoned!
You feel as though you will be slow longer.
The hornet stings you!
You die...

..... ....## ......
.#...### ......<#
#....# #.#
#.#..#####.#
#.###........#.###
#.sy@..#.###.#...
...l.h#.#.#####.#.#
#.#.....#.........#
#.#.#########.#.#
#... #...# ...
###.# #...
#######.#####. ...
..............
#######.######


You could see a hornet, a scorpion, an iguana and a hound.

Vanquished Creatures
  Duvessa (D:4)
  An ice beast (D:5)
  A centaur (D:5)
  An ogre (D:3)
  2 phantoms
  Dowan (D:4)
  2 hounds (D:5)
  A gnoll bouda (D:4)
  An orc priest (D:4)
  3 orc wizards (D:4)
  2 iguanas
  4 gnolls (D:4)
  8 adders
  A worm (D:2)
  3 dart slugs
  15 orcs
  9 ball pythons
  5 endoplasms
  4 giant cockroaches
  4 goblins
  7 hobgoblins
  8 jackals
  6 kobolds
  3 quokkas (D:1)
  5 bats
  2 frilled lizards
  3 rats
103 creatures vanquished.

Notes
Turn   | Place    | Note
-------+----------+-------------------------------------------
     0 | D:1      | Dawnplanks the Tengu Air Elementalist began the quest for
                  | the Orb.
     0 | D:1      | Reached XP level 1. HP: 10/10 MP: 4/4
   206 | D:1      | Found Boomyoso's Assorted Antiques.
   320 | D:1      | Reached XP level 2. HP: 15/15 MP: 4/6
   847 | D:1      | Reached XP level 3. HP: 19/19 MP: 2/7
   901 | D:1      | Found Jotagre's Antique Weapon Shoppe.
  1077 | D:1      | Reached skill level 5 in Air Magic
  1105 | D:1      | Found a faded altar of an unknown god.
  1268 | D:1      | Found Rootyz's Distillery.
  1276 | D:1      | Bought a potion of curing for 33 gold pieces
  1510 | D:2      | Identified the +3 hand axe of the Dwarven Hall {pain, rElec
                  | Str+3}
  1527 | D:2      | Learned a level 2 spell: Static Discharge
  1531 | D:2      | Learned a level 3 spell: Swiftness
  1692 | D:2      | Reached XP level 4. HP: 24/24 MP: 1/9
  2314 | D:3      | Found a bloodstained altar of Trog.
  2446 | D:3      | Found a basalt altar of Yredelemnul.
  2675 | D:3      | Noticed a phantom
  2694 | D:3      | Killed a phantom
  2695 | D:3      | Gained mutation: Your magical nature lets you fly swiftly
                  | and evasively. [Tengu growth]
  2695 | D:3      | Reached XP level 5. HP: 28/28 MP: 5/11
  2916 | D:3      | Noticed an ogre
  2957 | D:3      | Killed an ogre
  2958 | D:3      | Reached skill level 6 in Air Magic
  2958 | D:3      | Reached XP level 6. HP: 32/32 MP: 8/13
  3172 | D:4      | Learned a level 4 spell: Airstrike
  3707 | D:4      | Noticed Duvessa
  3707 | D:4      | Noticed Dowan
  3715 | D:4      | Killed Duvessa
  3716 | D:4      | Reached XP level 7. HP: 36/36 MP: 4/14
  3880 | D:4      | Reached skill level 7 in Air Magic
  4091 | D:4      | Found a broken altar of Ashenzari.
  4137 | D:4      | Reached skill level 5 in Conjurations
  4256 | D:4      | Killed Dowan
  4523 | D:5      | Entered Level 5 of the Dungeon
  4533 | D:5      | Found Duawn's Book Boutique.
  4564 | D:5      | Found a white marble altar of Elyvilon.
  4600 | D:5      | Reached skill level 8 in Air Magic
  4739 | D:5      | Reached skill level 5 in Spellcasting
  4817 | D:5      | Reached XP level 8. HP: 40/41 MP: 1/16
  4929 | D:5      | Noticed a hornet
  4936 | D:5      | Paralysed by a hornet for 2 turns
  4937 | D:5      | Slain by a hornet

Illustrated notes

Levels and vault maps discovered:
D:1:      saegor_arrival_miasma, layout_basic,
          shapermc_ecumenical_altar_hornbeckon, serial_shops, shop,
          nicolae_shop_real_fake_doors, shop, minmay_distorted
D:2:      layout_loops_cross
D:3:      layout_loops_ring, mainiacjoe_overflow_catwalk,
          mainiacjoe_overflow_tiny_flanked, grunt_ministairs_1
D:4:      layout_basic, evilmike_ruin_ashenzari, uniq_duvessa
D:5:      layout_basic, elyvilon_altar_1, serial_shops, shop,
          minmay_fractal_squares_5, uniq_sigmund

Skill      XL: |  1  2  3  4  5  6  7 |
---------------+----------------------+-----
Air Magic      | 5 6 8 |  8.4
Conjurations   | 2 3 4 5 |  5.8
Spellcasting   | 3 4 5 |  5.4
Fighting       | |  0.3
Dodging        | |  2.5
Stealth        | |  2.0

Action                     |  1- 3 |  4- 6 |  7- 9 || total
---------------------------+-------+-------+-------++-------
  Melee: Unarmed           |     6 |       |       ||     6
         Peck              |     1 |       |     3 ||     4
         Whip              |     5 |       |       ||     5
         Kick              |     1 |       |     4 ||     5
         Hand axe          |     2 |     3 |     9 ||    14
         Dagger            |     1 |       |       ||     1
   Cast: Shock             |    66 |    86 |    37 ||   189
         Static Discharge  |     1 |     6 |     7 ||    14
         Airstrike         |       |     1 |    12 ||    13
    Use: Potion            |       |     1 |     3 ||     4
         Scroll            |       |       |     4 ||     4
 Armour: Robe              |     4 |     1 |     5 ||    10
  Dodge: Dodged            |    16 |     7 |    12 ||    35

Table legend: (Time is in decaauts)
 A = Elapsed time spent in this place.
 B = Non-inter-level travel time spent in this place.
 C = Inter-level travel time spent in this place.
 D = Time resting spent in this place.
 E = Time spent auto-exploring this place.
 F = Levels seen in this place.
 G = Mean time per level.
                   A        B        C        D        E       F      G
               +--------+--------+--------+--------+--------+-----+--------+
         Total |   4832 |   4743 |     89 |      3 |   4128 |   5 |  966.4 |
       Dungeon |   4832 |   4743 |     89 |      3 |   4128 |   5 |  966.4 |
               +--------+--------+--------+--------+--------+-----+--------+

Top non-repeatable levels by time:
     D:1: 1440 daAuts
     D:4: 1299 daAuts
     D:3: 856 daAuts
     D:2: 837 daAuts
     D:5: 397 daAuts
